 Dungeon Crawl Stone Soup version 0.31.0-11-ge490571c62 (webtiles) character file.

Game seed: 12965993833150566201

25517 monsoonserge the Basher (level 13, -6/102 HPs)
             Began as a Gnoll Reaver on Feb 1, 2024.
             Was a High Priest of Nemelex Xobeh.
             Mangled by a fire dragon (11 damage)
             ... on level 11 of the Dungeon.
             The game lasted 00:57:11 (16143 turns).

monsoonserge the Basher (Gnoll Reaver)             Turns: 16143, Time: 00:57:13

Health: -6/102     AC:  9    Str: 14    XL:     13   Next: 20%
Magic:  26/26      EV: 14    Int: 15    God:    Nemelex Xobeh [*****.]
Gold:   643        SH:  6    Dex: 11    Spells: 19/31 levels left

rFire   + . .        R - +6 scimitar of Fuigawuezo {speed, rElec SInv}
rCold   + + .        Z - +0 buckler {rC+}
rNeg    + . .        B - +0 acid dragon scales
rPois   +            T - -2 hat of the Alchemist {rElec rPois rF+ rC+ rN+ Will+ rMut rCorr}
rElec   +            P - +2 cloak
rCorr   +            (no gloves)
SInv    +            (no boots)
Will    ++...        a - amulet of magic regeneration
Stlth   +++          E - ring of willpower
HPRegen 0.37/turn    e - ring of wizardry
MPRegen 0.60/turn

%: resist mutation, wizardry (x1)
@: no status effects
A: fangs 1, strong nose, distributed training
a: Renounce Religion, Draw Escape, Draw Destruction, Draw Summoning, Triple
Draw, Deal Four, Stack Five


You were on level 11 of the Dungeon.
You worshipped Nemelex Xobeh.
Nemelex Xobeh was extremely pleased with you.
You visited 2 branches of the dungeon, and saw 12 of its levels.
You also visited: Bailey and Ice Cave.

You collected 1187 gold pieces.
You spent 544 gold pieces at shops.

Inventory:

Hand Weapons
 t - the +7 glaive of Mutilation {protect, rElec rPois Int+3 Stlth+}
   (You bought it in a shop on level 3 of the Dungeon)

   Int+3:     It affects your intelligence (+3).
   rElec:     It insulates you from electricity.
   rPois:     It protects you from poison Stlth+: It makes you more stealthy.
 D - a +3 vampiric triple sword
 R - the +6 scimitar of Fuigawuezo (weapon) {speed, rElec SInv}
   (You found it on level 11 of the Dungeon)

   rElec:     It insulates you from electricity.
   SInv:      It lets you see invisible.
 U - the +0 dire flail of Oxtoceceug {freeze, +Blink Fly Str-3 Dex+3}
   (You found it in an ice cave)

   Str-3:     It affects your strength (-3).
   Dex+3:     It affects your dexterity (+3).
   Fly:       It grants you flight.
   +Blink:    It lets you blink.
 V - a +1 double sword of freezing
 Y - a +2 falchion of freezing
Missiles
 p - 12 poisoned darts (quivered)
 C - 3 throwing nets
 F - 6 boomerangs
 G - 29 javelins
 Q - 6 datura-tipped darts
Armour
 B - +0 acid dragon scales (worn)
 L - a +2 tower shield
 P - a +2 cloak (worn)
 S - a +0 crystal plate armour of cold resistance
 T - the -2 hat of the Alchemist (worn) {rElec rPois rF+ rC+ rN+ Will+ rMut rCorr}
   (You found it in an ice cave)

   rF+:       It protects you from fire.
   rC+:       It protects you from cold.
   rElec:     It insulates you from electricity.
   rPois:     It protects you from poison rN+: It protects you from negative
   energy.
   Will+:     It increases your willpower.
   rCorr:     It protects you from acid and corrosion.
   rMut:      It protects you from mutation.
 W - a +0 kite shield of cold resistance
 Z - a +0 buckler of cold resistance (worn)
Jewellery
 a - an amulet of magic regeneration (around neck)
 e - a ring of wizardry (right hand)
 E - a ring of willpower (left hand)
Wands
 x - a wand of mindburst (11)
 z - a wand of flame (49)
 H - a wand of light (14)
 N - a wand of polymorph (3)
Scrolls
 b - 4 scrolls of fog
 c - 2 scrolls of vulnerability {unknown}
 d - 3 scrolls of amnesia {unknown}
 f - 5 scrolls of poison
 h - 4 scrolls of enchant weapon {unknown}
 i - 2 scrolls of identify {unknown}
 k - 2 scrolls of torment {unknown}
 q - 2 scrolls of fear {unknown}
 r - a scroll of silence {unknown}
 v - 4 scrolls of teleportation
 y - a scroll of immolation {unknown}
 A - a scroll of noise {unknown}
 I - a scroll of summoning
 X - a scroll of blinking {unknown}
Potions
 g - 3 potions of cancellation {unknown}
 j - a potion of degeneration {unknown}
 l - a potion of berserk rage
 m - 3 potions of haste {unknown}
 n - 3 potions of magic {unknown}
 o - 3 potions of lignification {unknown}
 s - a potion of mutation {unknown}
 u - a potion of heal wounds {unknown}
 w - 7 potions of curing
 J - 2 potions of might {unknown}
 K - a potion of attraction {unknown}
 M - a potion of resistance {unknown}
 O - 2 potions of enlightenment


   Skills:
 + Level 9.7 Fighting
 + Level 8.4 Short Blades
 + Level 8.4 Long Blades
 + Level 8.4 Axes
 + Level 10.7 Maces & Flails
 + Level 8.4 Polearms
 + Level 8.4 Staves
 + Level 8.4 Ranged Weapons
 + Level 8.4 Throwing
 + Level 8.4 Armour
 + Level 9.7 Dodging
 + Level 8.4 Stealth
 + Level 8.4 Shields
 + Level 8.4 Unarmed Combat
 + Level 9.9 Spellcasting
 + Level 9.0 Conjurations
 + Level 7.0 Hexes
 + Level 7.0 Summonings
 + Level 7.0 Necromancy
 + Level 7.0 Translocations
 + Level 7.0 Fire Magic
 + Level 7.0 Ice Magic
 + Level 7.0 Air Magic
 + Level 7.0 Earth Magic
 + Level 7.0 Alchemy
 + Level 9.2 Invocations
 + Level 8.4 Evocations
 + Level 7.7 Shapeshifting


You had 19 spell levels left.
You knew the following spells:

 Your Spells              Type           Power      Damage    Failure   Level
a - Kiss of Death         Conj/Necr      100%       2d13      1%          1
b - Gell's Gravitas       Tloc           28%        N/A       1%          3
c - Summon Lightning Spi  Summ/Air       28%        N/A       3%          4
d - Airstrike             Air            14%        2d(2-18)  3%          4

Your spell library contained the following spells:

 Spells                   Type           Power      Damage    Failure   Level
 Call Imp                 Summ           56%        N/A       1%          2
 Lesser Beckoning         Tloc           56%        N/A       1%          2
 Momentum Strike          Conj/Tloc      62%        3d9       1%          2
 Static Discharge         Conj/Air       62%        3-6/arc   1%          2
 Sublimation of Blood     Necr           28%        N/A       1%          2
 Hailstorm                Conj/Ice       31%        3d8       1%          3
 Teleport Other           Tloc           28%        N/A       1%          3
 Sculpt Simulacrum        Ice/Alch       14%        N/A       45%         6
 Ozocubu's Refrigeration  Ice            14%        4d10      95%         7
 Summon Hydra             Summ           14%        N/A       95%         7
 Polar Vortex             Ice            14%        12d1*     100%        9


Dungeon Overview and Level Annotations

Branches:
Dungeon (11/15)            Temple (1/1) D:5            Lair (0/5) D:10
    Orc (0/2) D:11         Bailey (visited)           IceCv (visited)

Altars:
Ashenzari
Cheibriados
Dithmenos
Elyvilon
Fedhas
Gozag
Hepliaklqana
Kikubaaqudgha
Makhleb
Nemelex Xobeh
Okawaru
Qazlal
Ru
Sif Muna
Trog
Uskayaw
Vehumet
Wu Jian
Xom
Yredelemnul
Zin
The Shining One

Shops:
D:2 *   D:3 ?(((   D:4 [


Innate Abilities, Weirdness & Mutations

You have very sharp teeth.
Your uncanny sense of smell can sniff out nearby items.
Your experience applies equally to all skills.


Message History

The fire dragon tramples you.
You hold your ground!
You hit the fire dragon.
You bite the fire dragon, but do no damage.
The fire dragon is heavily wounded.
You hit the fire dragon but do no damage.
You bite the fire dragon, but do no damage.
The fire dragon is heavily wounded.
The fire dragon bites you. The fire dragon completely misses you.
The fire dragon tramples you.
You stumble backwards!
You hit the fire dragon but do no damage.
The fire dragon is heavily wounded.
The fire dragon breathes flames at you. The blast of flame hits you!!
You resist.
* * * LOW HITPOINT WARNING * * *
You draw a card...
You have drawn Pain.
Press: ? - help, Shift-Dir - straight line, f/p - fire dragon
Aim: a fire dragon (heavily wounded, catching its breath, ally target)
The fire dragon convulses!
You block the fire dragon's attack. The fire dragon claws you.
* * * LOW HITPOINT WARNING * * *
The fire dragon tramples you.
* * * LOW HITPOINT WARNING * * *
You stumble backwards!
You draw a card...
You have drawn Wild Magic.
The wind whips around the fire dragon.
You feel a surge of magic.
You feel your power returning. You block the fire dragon's attack.
The fire dragon claws you but does no damage.
The fire dragon tramples you.
* * * LOW HITPOINT WARNING * * *
You hold your ground!
You draw a card...
You have drawn the Orb.
Press: ? - help, Shift-Dir - straight line, f/p - fire dragon
Aim: a fire dragon (severely wounded, catching its breath, ally target)
The wavering orb of destruction weakly hits the fire dragon!
The fire dragon is almost dead.
The fire dragon bites you!
You die...
Your body glows slightly and disappears.

#.?$§≈≈≈§≈§§#
#..$§≈§§≈§≈≈#
#...§§§≈§≈§#
##...≈≈§§§§≈
#≈≈.≈≈≈≈≈≈#
#≈≈≈≈≈≈..≈#
############
#§§§§...8.#
#...........
##§§....D.#
#.........##
#.§§....@#
#...>.......
#.......##
#...........
##......#
#...........
#......#
########'###
##....##
#.....[...#
##..##
##.........#
#..#
#..........#
##.#
#######....#
#.#
##...##....#


You could see a fire dragon (catching breath, ally target) and a friendly
lightning spire (summoned).

Vanquished Creatures
  An ironbound frostheart (IceCv)
  Erolcha (D:9)
  Fannar (D:11)
  3 two-headed ogres
  A death yak (IceCv)
  Lodul (D:10)
  An ice statue (IceCv)
  An unseen horror (D:11)
  7 polar bears (IceCv)
  A troll (D:9)
  Prince Ribbit (D:6)
  2 shadows
  18 yaks
  A wyvern (D:9)
  2 steam dragons
  2 acid dragons
  A water moccasin (D:6)
  8 orc warriors
  An ice beast (D:7)
  3 sky beasts
  4 ogres
  2 phantoms
  18 wolves (IceCv)
  7 centaurs
  A kobold brigand (D:8)
  2 bullfrogs
  6 scorpions
  A troll zombie (D:11)
  5 killer bees (D:10)
  8 howler monkeys
  4 jellies
  A hound (D:6)
  2 orc priests
  A bombardier beetle (D:3)
  2 sleepcaps
  5 iguanas
  14 orc wizards
  7 ogre zombies (D:11)
  3 gnolls (D:5)
  4 adders
  A river rat (Bailey)
  A white imp (D:5)
  2 ufetubi (D:5)
  2 ribbon worms (D:2)
  3 dart slugs
  49 orcs
  7 bats
  7 endoplasms
  7 giant cockroaches
  12 goblins
  12 hobgoblins
  2 jackals (D:1)
  8 quokkas
  4 ball pythons
  5 frilled lizards
  4 gnoll skeletons (D:11)
  11 kobolds
  21 orc zombies (D:11)
  A rat (D:3)
313 creatures vanquished.

Vanquished Creatures (collateral kills)
  An ironbound frostheart (IceCv)
  5 death yaks (IceCv)
  2 polar bears (IceCv)
  A troll (D:11)
  7 yaks
  2 orc warriors (Bailey)
  4 ogres (D:10)
  3 wights (D:8)
  An orc wizard (D:8)
  An orc (D:8)
  A goblin (Bailey)
28 creatures vanquished.

Grand Total: 341 creatures vanquished

Notes
Turn   | Place    | Note
-------+----------+-------------------------------------------
     0 | D:1      | monsoonserge the Gnoll Reaver began the quest for the Orb.
     0 | D:1      | Reached XP level 1. HP: 20/20 MP: 6/6
   195 | D:1      | Reached XP level 2. HP: 26/26 MP: 7/7
   513 | D:1      | Reached skill level 5 in Spellcasting
   513 | D:1      | Reached XP level 3. HP: 25/31 MP: 7/9
   830 | D:1      | Found a faded altar of an unknown god.
   836 | D:1      | Prayed at the altar of an unknown god.
   836 | D:1      | Became a worshipper of Nemelex Xobeh the Trickster
   836 | D:1      | Reached * piety under Nemelex Xobeh
   948 | D:2      | Found Domigoa's General Store.
   961 | D:2      | Reached skill level 1 in Invocations
   996 | D:2      | Bought a potion of berserk rage for 55 gold pieces
  1286 | D:2      | Reached skill level 1 in Short Blades
  1286 | D:2      | Reached skill level 1 in Long Blades
  1286 | D:2      | Reached skill level 1 in Axes
  1286 | D:2      | Reached skill level 1 in Polearms
  1286 | D:2      | Reached skill level 1 in Staves
  1286 | D:2      | Reached skill level 1 in Ranged Weapons
  1286 | D:2      | Reached skill level 1 in Throwing
  1286 | D:2      | Reached skill level 1 in Armour
  1286 | D:2      | Reached skill level 1 in Stealth
  1286 | D:2      | Reached skill level 1 in Shields
  1286 | D:2      | Reached skill level 1 in Unarmed Combat
  1286 | D:2      | Reached skill level 1 in Evocations
  1393 | D:2      | Reached skill level 1 in Shapeshifting
  1393 | D:2      | Reached XP level 4. HP: 38/38 MP: 11/11
  2034 | D:3      | Reached skill level 1 in Hexes
  2034 | D:3      | Reached skill level 1 in Summonings
  2034 | D:3      | Reached skill level 1 in Necromancy
  2034 | D:3      | Reached skill level 1 in Translocations
  2034 | D:3      | Reached skill level 1 in Fire Magic
  2034 | D:3      | Reached skill level 1 in Ice Magic
  2034 | D:3      | Reached skill level 1 in Air Magic
  2034 | D:3      | Reached skill level 1 in Earth Magic
  2034 | D:3      | Reached skill level 1 in Alchemy
  2101 | D:3      | Received a gift from Nemelex Xobeh
  2151 | D:3      | Reached XP level 5. HP: 40/43 MP: 12/12
  2179 | D:3      | Found Gicum's Antique Weapon Shop.
  2347 | D:3      | Reached ** piety under Nemelex Xobeh
  2382 | D:3      | Found Cunent's Antique Weapon Boutique.
  2400 | D:3      | Bought a transparent glaive for 195 gold pieces
  2400 | D:3      | Identified the +7 glaive of Mutilation {protect, rElec
                  | rPois Int+3 Stlth+} (You bought it in a shop on level 3 of
                  | the Dungeon)
  2410 | D:3      | Found Jelebb's Weapon Boutique.
  2703 | D:3      | Found Latytuory's Magic Scroll Shoppe.
  3007 | D:4      | Received a gift from Nemelex Xobeh
  3053 | D:4      | Reached XP level 6. HP: 21/50 MP: 13/13
  3296 | D:4      | Found Zyunlerph's Antique Armour Shop.
  3350 | D:4      | Found a hazy altar of Hepliaklqana.
  3399 | D:4      | Received a gift from Nemelex Xobeh
  3418 | D:4      | Reached skill level 5 in Fighting
  3418 | D:4      | Reached skill level 5 in Dodging
  3769 | D:4      | Found an iron altar of Okawaru.
  4072 | D:5      | Entered Level 5 of the Dungeon
  4154 | D:3      | Bought a jewelled dagger for 119 gold pieces
  4154 | D:3      | Identified the +1 dagger of the Desolation of Salt {spect,
                  | *Rage rPois rCorr} (You bought it in a shop on level 3 of
                  | the Dungeon)
  4238 | D:5      | Reached *** piety under Nemelex Xobeh
  4402 | D:5      | Found an ancient bone altar of Kikubaaqudgha.
  4548 | D:5      | Reached skill level 7 in Maces & Flails
  4548 | D:5      | Reached XP level 7. HP: 49/56 MP: 15/15
  4669 | D:5      | Found a staircase to the Ecumenical Temple.
  4678 | Temple   | Entered the Ecumenical Temple
  4932 | D:5      | Received a gift from Nemelex Xobeh
  5459 | D:6      | Reached XP level 8. HP: 60/63 MP: 16/16
  5583 | D:6      | Noticed Prince Ribbit
  5588 | D:6      | Killed Prince Ribbit
  5719 | D:3      | Bought a scroll of fog for 52 gold pieces
  6120 | D:7      | Reached XP level 9. HP: 69/69 MP: 18/18
  6177 | D:7      | Reached **** piety under Nemelex Xobeh
  6312 | D:7      | Received a gift from Nemelex Xobeh
  6476 | D:7      | Found a flagged portal.
  6484 | Bailey   | Entered a bailey
  6574 | Bailey   | Reached skill level 8 in Maces & Flails
  6734 | Bailey   | Reached skill level 5 in Invocations
  7571 | Bailey   | Reached skill level 5 in Short Blades
  7571 | Bailey   | Reached skill level 5 in Long Blades
  7571 | Bailey   | Reached skill level 5 in Axes
  7571 | Bailey   | Reached skill level 5 in Polearms
  7571 | Bailey   | Reached skill level 5 in Staves
  7571 | Bailey   | Reached skill level 5 in Ranged Weapons
  7571 | Bailey   | Reached skill level 5 in Throwing
  7571 | Bailey   | Reached skill level 5 in Armour
  7571 | Bailey   | Reached skill level 5 in Stealth
  7571 | Bailey   | Reached skill level 5 in Shields
  7571 | Bailey   | Reached skill level 5 in Unarmed Combat
  7571 | Bailey   | Reached skill level 5 in Evocations
  8238 | D:3      | Bought a scroll of summoning for 123 gold pieces
  8286 | D:4      | Reached skill level 9 in Maces & Flails
  8286 | D:4      | Reached skill level 5 in Hexes
  8286 | D:4      | Reached skill level 5 in Summonings
  8286 | D:4      | Reached skill level 5 in Necromancy
  8286 | D:4      | Reached skill level 5 in Translocations
  8286 | D:4      | Reached skill level 5 in Fire Magic
  8286 | D:4      | Reached skill level 5 in Ice Magic
  8286 | D:4      | Reached skill level 5 in Air Magic
  8286 | D:4      | Reached skill level 5 in Earth Magic
  8286 | D:4      | Reached skill level 5 in Alchemy
  8286 | D:4      | Reached skill level 5 in Shapeshifting
  8286 | D:4      | Reached XP level 10. HP: 80/80 MP: 19/22
  8291 | D:4      | Learned a level 3 spell: Gell's Gravitas
  8364 | D:7      | Reached XP level 11. HP: 86/86 MP: 23/23
  8684 | D:7      | Found a shimmering altar of Xom.
  8865 | D:8      | You fall into a shaft and drop 1 floor!
  8866 | D:9      | Received a gift from Nemelex Xobeh
  8906 | D:9      | Noticed Erolcha
  8912 | D:9      | Killed Erolcha
  9381 | D:8      | Found a glowing golden altar of the Shining One.
  9425 | D:8      | Received a gift from Nemelex Xobeh
  9430 | D:8      | Reached ***** piety under Nemelex Xobeh
  9887 | D:8      | Noticed a two-headed ogre
  9987 | D:8      | Killed a two-headed ogre
 10789 | D:9      | Received a gift from Nemelex Xobeh
 10919 | D:9      | Noticed a two-headed ogre
 10929 | D:9      | Killed a two-headed ogre
 11164 | D:9      | Noticed Jeremiah
 11195 | D:9      | Jeremiah changed into Jeremiah the sky beast
 11195 | D:9      | Noticed Jeremiah
 11197 | D:9      | Killed Jeremiah the sky beast
 11493 | D:9      | Received a gift from Nemelex Xobeh
 11733 | D:10     | Entered Level 10 of the Dungeon
 11912 | D:10     | Noticed a two-headed ogre
 11914 | D:10     | Found a transporter.
 11918 | D:10     | Killed a two-headed ogre
 11927 | D:10     | Found a transporter.
 11927 | D:10     | Found a transporter.
 11985 | D:10     | Noticed Lodul
 12000 | D:10     | Killed Lodul
 12584 | D:10     | Received a gift from Nemelex Xobeh
 12606 | D:10     | Found a transporter.
 12679 | D:10     | Found a staircase to the Lair.
 13029 | D:11     | Identified the +6 scimitar of Fuigawuezo {speed, rElec
                  | SInv}
 13032 | D:11     | Found a staircase to the Orcish Mines.
 13039 | D:11     | Noticed Fannar
 13052 | D:11     | Reached XP level 12. HP: 23/94 MP: 24/24
 13054 | D:11     | Killed Fannar
 13107 | D:11     | Received a gift from Nemelex Xobeh
 13129 | D:11     | Found a frozen archway.
 13178 | IceCv    | Entered an ice cave
 13225 | IceCv    | Reached skill level 10 in Maces & Flails
 14054 | IceCv    | Identified the +0 dire flail of Oxtoceceug {freeze, +Blink
                  | Fly Str-3 Dex+3}
 14113 | IceCv    | HP: 1/95 [ice statue/bolt of cold (12)]
 14395 | IceCv    | Noticed a death yak
 14409 | IceCv    | Noticed a death yak
 14412 | IceCv    | Killed a death yak
 14414 | IceCv    | Noticed a death yak
 14415 | IceCv    | Killed a death yak
 14436 | IceCv    | Killed a death yak
 14663 | IceCv    | Noticed a death yak
 14663 | IceCv    | Noticed a death yak
 14663 | IceCv    | Noticed an ironbound frostheart
 14663 | IceCv    | Noticed an ironbound frostheart
 14663 | IceCv    | Noticed a death yak
 14692 | IceCv    | Killed a death yak
 14709 | IceCv    | HP: 4/96 [polar bear (1)]
 14710 | IceCv    | Killed an ironbound frostheart
 14725 | IceCv    | Killed an ironbound frostheart
 14726 | IceCv    | Reached XP level 13. HP: 71/101 MP: 26/26
 15121 | IceCv    | Found the -2 hat of the Alchemist {rElec rPois rF+ rC+ rN+
                  | Will+ rMut rCorr}
 15207 | D:11     | Received a gift from Nemelex Xobeh
 15242 | D:11     | Noticed a fire dragon
 15405 | D:11     | Learned a level 4 spell: Summon Lightning Spire
 15484 | D:11     | Learned a level 4 spell: Airstrike
 15496 | D:11     | Received a gift from Nemelex Xobeh
 16142 | D:11     | HP: 4/102 [fire dragon (4)]
 16143 | D:11     | Mangled by a fire dragon

Illustrated notes

Levels and vault maps discovered:
D:1:      co_arrival_square_in_a_square_in_a_square, layout_loops_corners,
          ebering_ecumenical_altar_ruins, minmay_tripent
D:2:      layout_basic, serial_shops, nicolae_shop_peninsula, serial_aquarium,
          aquarium_bridge_square [aquarium_subvault_bridge,
          aquarium_subvault_balcony, aquarium_subvault_bridge,
          aquarium_subvault_wall], aquarium_bridge_square
          [aquarium_subvault_bridge, aquarium_subvault_bridge,
          aquarium_subvault_wall, aquarium_subvault_bridge],
          aquarium_window_fake, aquarium_window_fake, aquarium_window_1,
          aquarium_view_2c, minmay_domino_4
D:3:      layout_basic, serial_shops, nicolae_shop_crystal, nicolae_shop_trees,
          nicolae_shop_dealshenge, shop
D:4:      layout_basic, mainiacjoe_overflow_paths, okawaru_ov_weapons_minmay,
          serial_shops, shop
D:5:      layout_loops_corners, mainiacjoe_overflow_chevrons,
          minmay_temple_entry_junction
D:6:      layout_rooms, minmay_liquid_box, minmay_misc_feat_rows,
          hangedman_abyss_or_decor_stabs, uniq_prince_ribbit1
D:7:      layout_loops_cross, tgw_xom, enter_bailey_2, minmay_misc_feat_iff,
          eino_small_chamber_without_monster, chequers_serial_rivers_large_a
D:8:      minmay_flawed_box, layout_basic, mainiacjoe_overflow_alcove_1,
          serial_park_tiny_2, nicolae_nh_ransacked_shop
D:9:      layout_grid_maze, minmay_hedge_maze, uniq_erolcha, uniq_jeremiah
D:10:     layout_roguey, lair_entry_dummy, nicolae_diode_intersection,
          uniq_lodul
D:11:     dragon1_lemuel, layout_stronghold, zombieorc2_lemuel,
          portal_ice_cave_entry_pillars_2, serial_park_tiny_1, uniq_fannar
Temple:   minmay_crystal_spiral_temple

Skill      XL: |  1  2  3  4  5  6  7  8  9 10 11 12 13 |
---------------+----------------------------------------+-----
Spellcasting   | 5 6 8 9 |  9.9
Invocations    | 1 2 3 4 6 7 8 9 |  9.2
Short Blades   | 1 2 3 6 7 8 |  8.4
Long Blades    | 1 2 3 6 7 8 |  8.4
Axes           | 1 2 3 6 7 8 |  8.4
Polearms       | 1 2 3 6 7 8 |  8.4
Staves         | 1 2 3 6 7 8 |  8.4
Ranged Weapons | 1 2 3 6 7 8 |  8.4
Throwing       | 1 2 3 6 7 8 |  8.4
Armour         | 1 2 3 6 7 8 |  8.4
Stealth        | 1 2 3 6 7 8 |  8.4
Shields        | 1 2 3 6 7 8 |  8.4
Unarmed Combat | 1 2 3 6 7 8 |  8.4
Evocations     | 1 2 3 6 7 8 |  8.4
Shapeshifting  | 1 2 3 5 6 7 |  7.7
Hexes          | 1 2 3 5 6 7 |  7.0
Summonings     | 1 2 3 5 6 7 |  7.0
Necromancy     | 1 2 3 5 6 7 |  7.0
Translocations | 1 2 3 5 6 7 |  7.0
Fire Magic     | 1 2 3 5 6 7 |  7.0
Ice Magic      | 1 2 3 5 6 7 |  7.0
Air Magic      | 1 2 3 5 6 7 |  7.0
Earth Magic    | 1 2 3 5 6 7 |  7.0
Alchemy        | 1 2 3 5 6 7 |  7.0
Fighting       | 5 6 7 8 9 |  9.7
Dodging        | 5 6 7 8 9 |  9.7
Maces & Flails | 7 9 10 | 10.7
Conjurations   | 6 7 8 9 |  9.0

Action                     |  1- 3 |  4- 6 |  7- 9 | 10-12 | 13-15 || total
---------------------------+-------+-------+-------+-------+-------++-------
  Melee: Mace              |    22 |       |       |       |       ||    22
         Bite              |     8 |    12 |     6 |    45 |    10 ||    81
         Dagger            |    69 |    83 |       |       |       ||   152
         Punch             |     1 |       |       |       |       ||     1
         Glaive            |       |    92 |   210 |   412 |    15 ||   729
         Scimitar          |       |       |       |       |    43 ||    43
  Throw: Dart              |       |       |     5 |    11 |     1 ||    17
   Cast: Kiss of Death     |       |       |     2 |       |     1 ||     3
         Summon Lightning  |       |       |       |       |     4 ||     4
         Airstrike         |       |       |       |       |     2 ||     2
         Gell's Gravitas   |       |       |       |       |     1 ||     1
 Invoke: Draw Destruction  |       |       |    12 |    18 |     3 ||    33
         Draw Summoning    |       |       |     2 |     9 |     2 ||    13
         Draw Escape       |       |       |       |     3 |       ||     3
         Deal Four         |       |       |       |     2 |       ||     2
  Evoke: Wand              |       |       |       |     1 |       ||     1
    Use: Potion            |       |       |     1 |     1 |       ||     2
         Scroll            |       |       |       |     1 |       ||     1
   Stab: Sleeping          |       |     6 |     6 |    11 |       ||    23
         Distracted        |       |       |       |       |     2 ||     2
 Armour: Leather armour    |    43 |       |       |       |       ||    43
         Ring mail         |    13 |   132 |    29 |       |       ||   174
         Acid dragon scale |       |       |   149 |   409 |    74 ||   632
  Dodge: Dodged            |    61 |   106 |   203 |   359 |    37 ||   766
  Block: Buckler           |       |       |       |       |    13 ||    13
         Kite shield       |       |       |       |       |     9 ||     9
